[ AOE2 MATCH · #504643344 ]
UnrankedSlavs vs Cumans
Player's team · WIN
Rival team · LOSS
[ REPLAY ANALYSIS · EXTRACTED FROM THE RECORDED GAME ]
Feudal
15:43
Castle
19:55
Imperial
—
| APM avg | 55.7 |
| APM peak | 85 |
| eAPM avg | 26.2 |
| Villagers / military | 53 / 25 |
Focus
⚔️ 55.6% · 🌾 44.4%
Knight ×16 · Militia ×8 · Mangonel ×1
Feudal
10:31
Castle
—
Imperial
—
| APM avg | 67.9 |
| APM peak | 138 |
| eAPM avg | 34.0 |
| Villagers / military | 64 / 5 |
Focus
⚔️ 26.6% · 🌾 73.4%
Battering Ram ×5
Match map
Initial resources + every placement click. Lines = walls · curves = elevation contours. ◆ gold · ⬟ stone · ● berries · ✦ relic · ◌ wall gap
Your base· Open — unwalled flank
Thomas Sankara's base· Open — unwalled flank
Smoothed initial terrain · ◌ = detected wall gap · hover for details
Inputs per minute
— Dr. Wiley!!! - - Thomas Sankara
Build order — Dr. Wiley!!!
First 150 of 176 actions detected
| 0:01 | Create | Villager (Male) |
| 0:01 | Create | Villager (Male) |
| 0:02 | Build | House |
| 0:05 | Build | House |
| 0:16 | Create | Villager (Male) |
| 0:19 | Create | Villager (Male) |
| 1:11 | Create | Villager (Male) |
| 2:03 | Create | Villager (Male) |
| 2:03 | Create | Villager (Male) |
| 2:33 | Create | Villager (Male) |
| 2:53 | Create | Villager (Male) |
| 3:14 | Create | Villager (Male) |
| 3:20 | Build | Barracks |
| 3:22 | Build | Palisade Wall |
| 3:23 | Build | Palisade Wall |
| 3:25 | Build | Palisade Wall |
| 3:42 | Create | Villager (Male) |
| 4:05 | Build | Palisade Wall |
| 4:08 | Create | Villager (Male) |
| 4:17 | Create | Militia |
| 4:17 | Create | Militia |
| 4:20 | Build | Palisade Wall |
| 4:26 | Create | Villager (Male) |
| 4:37 | Create | Militia |
| 4:38 | Create | Militia |
| 4:50 | Create | Militia |
| 4:50 | Create | Militia |
| 5:13 | Create | Villager (Male) |
| 5:15 | Create | Villager (Male) |
| 5:39 | Create | Villager (Male) |
| 5:44 | Build | House |
| 5:50 | Create | Villager (Male) |
| 6:02 | Build | Palisade Wall |
| 6:19 | Create | Villager (Male) |
| 6:47 | Build | Mill |
| 6:48 | Create | Villager (Male) |
| 6:54 | Create | Villager (Male) |
| 6:57 | Create | Militia ×2 |
| 7:03 | Build | House |
| 7:04 | Build | House |
| 7:09 | Create | Villager (Male) |
| 7:31 | Create | Villager (Male) |
| 7:36 | Build | Palisade Wall |
| 7:37 | Build | Palisade Wall |
| 7:50 | Build | Lumber Camp |
| 8:07 | Create | Villager (Male) |
| 8:27 | Create | Villager (Male) |
| 8:32 | Create | Villager (Male) |
| 8:47 | Create | Villager (Male) |
| 8:53 | Build | Palisade Wall |
| 8:56 | Build | Palisade Wall |
| 8:57 | Build | Palisade Wall |
| 8:58 | Build | Palisade Wall |
| 9:00 | Build | House |
| 9:04 | Build | Mill |
| 9:30 | Build | Mining Camp |
| 9:38 | Build | Palisade Wall |
| 9:40 | Create | Villager (Male) |
| 9:44 | Build | Palisade Wall |
| 9:46 | Build | House |
| 9:47 | Create | Villager (Male) |
| 9:51 | Build | Palisade Wall |
| 9:56 | Build | Palisade Wall |
| 9:57 | Create | Villager (Male) |
| 9:59 | Build | Palisade Wall |
| 9:59 | Create | Villager (Male) |
| 10:02 | Build | House |
| 10:17 | Build | Farm |
| 10:20 | Build | Farm |
| 10:43 | Build | Palisade Wall |
| 10:47 | Build | Palisade Wall |
| 10:48 | Create | Villager (Male) |
| 10:58 | Build | Farm |
| 11:08 | Build | Palisade Wall |
| 11:10 | Build | House |
| 11:17 | Create | Villager (Male) |
| 11:19 | Build | House |
| 11:20 | Build | House |
| 11:31 | Build | Palisade Wall |
| 11:35 | Create | Villager (Male) |
| 11:54 | Create | Villager (Male) |
| 12:07 | Create | Villager (Male) |
| 12:17 | Create | Villager (Male) |
| 12:31 | Build | House |
| 12:49 | Build | Farm |
| 12:51 | Build | Farm |
| 12:54 | Build | Farm |
| 12:57 | Build | Farm |
| 13:00 | Create | Villager (Male) |
| 13:02 | Research | Loom |
| 13:03 | Build | House |
| 13:13 | Build | House |
| 13:15 | Build | House |
| 13:32 | Research | Feudal Age |
| 13:32 | Research | Feudal Age |
| 13:37 | Build | Palisade Wall |
| 13:43 | Build | Farm |
| 14:02 | Build | Lumber Camp |
| 14:13 | Build | House |
| 14:26 | Build | Palisade Wall |
| 14:34 | Build | Farm |
| 14:41 | Build | Palisade Wall |
| 14:42 | Build | Palisade Wall |
| 14:43 | Build | Palisade Wall |
| 15:05 | Build | Palisade Wall |
| 15:11 | Build | Farm |
| 15:14 | Build | Farm |
| 15:29 | Build | House |
| 15:32 | Build | Palisade Wall |
| 15:33 | Build | Palisade Wall |
| 15:35 | Build | Palisade Wall |
| 15:43 | Age | Feudal Age |
| 15:47 | Create | Villager (Male) |
| 15:53 | Build | Market |
| 16:03 | Build | Palisade Wall |
| 16:05 | Build | House |
| 16:09 | Create | Villager (Male) |
| 16:27 | Create | Villager (Male) |
| 16:32 | Build | Blacksmith |
| 16:38 | Build | Palisade Wall |
| 16:44 | Build | Palisade Wall |
| 16:45 | Build | Palisade Wall |
| 16:48 | Create | Villager (Male) |
| 16:51 | Build | Palisade Wall |
| 17:15 | Research | Castle Age |
| 17:16 | Research | Castle Age |
| 17:30 | Build | House |
| 17:32 | Build | House |
| 17:58 | Build | Stable |
| 18:11 | Research | Double-Bit Axe |
| 18:16 | Build | Lumber Camp |
| 18:24 | Create | Villager (Male) |
| 18:47 | Create | Villager (Male) |
| 19:07 | Create | Villager (Male) |
| 19:14 | Create | Villager (Male) |
| 19:24 | Create | Villager (Male) |
| 19:28 | Create | Villager (Male) |
| 19:37 | Create | Villager (Male) |
| 19:38 | Create | Villager (Male) |
| 19:50 | Create | Villager (Male) |
| 19:54 | Build | Market |
| 19:55 | Age | Castle Age |
| 19:59 | Create | Knight |
| 19:59 | Create | Knight |
| 20:18 | Build | Siege Workshop |
| 20:32 | Create | Knight |
| 20:36 | Create | Villager (Male) |
| 20:39 | Build | House |
| 20:46 | Create | Knight |
| 20:51 | Create | Villager (Male) |
Build order — Thomas Sankara
116 actions detected in the replay
| 0:00 | Create | Villager (Male) |
| 0:01 | Build | House |
| 0:02 | Build | House |
| 0:10 | Create | Villager (Male) |
| 0:10 | Create | Villager (Male) |
| 0:10 | Create | Villager (Male) |
| 1:30 | Create | Villager (Male) |
| 1:30 | Create | Villager (Male) |
| 2:10 | Create | Villager (Male) |
| 2:10 | Create | Villager (Male) |
| 2:19 | Create | Villager (Male) |
| 2:19 | Create | Villager (Male) |
| 2:44 | Create | Villager (Male) |
| 2:45 | Create | Villager (Male) |
| 3:06 | Build | Lumber Camp |
| 3:11 | Create | Villager (Male) |
| 3:11 | Create | Villager (Male) |
| 3:21 | Research | Loom |
| 3:31 | Create | Villager (Male) |
| 3:40 | Create | Villager (Male) |
| 3:52 | Create | Villager (Male) |
| 3:54 | Build | Palisade Wall |
| 3:56 | Build | Palisade Wall |
| 3:57 | Build | Palisade Wall |
| 4:02 | Create | Villager (Male) |
| 4:33 | Create | Villager (Male) |
| 4:33 | Create | Villager (Male) |
| 4:55 | Create | Villager (Male) |
| 4:55 | Create | Villager (Male) |
| 4:55 | Create | Villager (Male) |
| 5:25 | Create | Villager (Male) |
| 5:31 | Build | Palisade Wall |
| 5:49 | Create | Villager (Male) |
| 6:06 | Create | Villager (Male) |
| 6:14 | Build | Palisade Gate |
| 6:16 | Build | Palisade Gate |
| 6:37 | Create | Villager (Male) |
| 6:50 | Build | House |
| 6:59 | Create | Villager (Male) |
| 7:34 | Build | House |
| 7:56 | Create | Villager (Male) |
| 8:04 | Build | Mill |
| 8:21 | Research | Feudal Age |
| 8:26 | Build | Palisade Wall |
| 8:28 | Build | Palisade Wall |
| 9:47 | Build | Palisade Wall |
| 10:31 | Age | Feudal Age |
| 10:36 | Build | House |
| 10:42 | Build | House |
| 10:50 | Create | Villager (Male) |
| 10:50 | Create | Villager (Male) |
| 10:50 | Create | Villager (Male) |
| 10:50 | Create | Villager (Male) |
| 11:07 | Build | Town Center |
| 11:24 | Build | Palisade Wall |
| 11:26 | Build | Palisade Wall |
| 11:28 | Build | Palisade Wall |
| 11:29 | Build | Palisade Wall |
| 11:30 | Build | Palisade Wall |
| 11:30 | Create | Villager (Male) |
| 11:30 | Create | Villager (Male) |
| 11:30 | Create | Villager (Male) |
| 11:38 | Create | Villager (Male) |
| 12:43 | Build | Blacksmith |
| 13:11 | Build | Mining Camp |
| 13:15 | Research | Fletching |
| 13:26 | Create | Villager (Male) |
| 13:30 | Create | Villager (Male) |
| 13:57 | Create | Villager (Male) |
| 13:57 | Create | Villager (Male) |
| 13:57 | Create | Villager (Male) |
| 14:01 | Build | House |
| 14:03 | Build | House |
| 14:19 | Create | Villager (Male) |
| 14:51 | Build | Palisade Gate |
| 15:11 | Create | Villager (Male) |
| 15:11 | Create | Villager (Male) |
| 15:16 | Build | Siege Workshop |
| 15:59 | Create | Battering Ram |
| 15:59 | Create | Battering Ram |
| 16:19 | Build | Watch Tower |
| 16:27 | Create | Villager (Male) |
| 16:27 | Create | Villager (Male) |
| 16:53 | Create | Battering Ram |
| 17:12 | Create | Villager (Male) |
| 17:17 | Build | Watch Tower |
| 18:00 | Create | Battering Ram |
| 18:30 | Build | Farm |
| 18:36 | Create | Villager (Male) |
| 19:54 | Build | Watch Tower |
| 20:16 | Build | Market |
| 20:18 | Create | Villager (Male) |
| 20:41 | Create | Battering Ram |
| 20:46 | Build | Watch Tower |
| 20:59 | Create | Villager (Male) |
| 20:59 | Create | Villager (Male) |
| 21:08 | Create | Villager (Male) |
| 21:08 | Create | Villager (Male) |
| 21:41 | Build | Farm |
| 21:49 | Create | Villager (Male) |
| 21:49 | Create | Villager (Male) |
| 21:58 | Build | Farm |
| 22:12 | Build | Outpost |
| 22:15 | Build | Watch Tower |
| 22:18 | Create | Villager (Male) |
| 22:18 | Create | Villager (Male) |
| 22:44 | Create | Villager (Male) |
| 23:05 | Create | Villager (Male) |
| 23:05 | Create | Villager (Male) |
| 23:09 | Build | Farm |
| 23:22 | Build | Watch Tower |
| 23:28 | Create | Villager (Male) |
| 23:41 | Build | Palisade Wall |
| 23:43 | Build | Palisade Wall |
| 23:48 | Create | Villager (Male) |
| 23:48 | Create | Villager (Male) |
Match timeline
| 3:20 | Dr. Wiley!!! · first_building Barracks |
| 3:22 | Dr. Wiley!!! · wall_segment Palisade Wall x1 |
| 3:23 | Dr. Wiley!!! · wall_segment Palisade Wall x1 |
| 3:25 | Dr. Wiley!!! · wall_segment Palisade Wall x1 |
| 3:54 | Thomas Sankara · wall_segment Palisade Wall x1 |
| 3:56 | Thomas Sankara · wall_segment Palisade Wall x1 |
| 3:57 | Thomas Sankara · wall_segment Palisade Wall x1 |
| 4:05 | Dr. Wiley!!! · wall_segment Palisade Wall x1 |
| 4:20 | Dr. Wiley!!! · wall_segment Palisade Wall x1 |
| 5:31 | Thomas Sankara · wall_segment Palisade Wall x1 |
| 6:02 | Dr. Wiley!!! · wall_segment Palisade Wall x1 |
| 7:36 | Dr. Wiley!!! · wall_segment Palisade Wall x1 |
| 7:37 | Dr. Wiley!!! · wall_segment Palisade Wall x1 |
| 8:26 | Thomas Sankara · wall_segment Palisade Wall x1 |
| 8:28 | Thomas Sankara · wall_segment Palisade Wall x1 |
| 8:53 | Dr. Wiley!!! · wall_segment Palisade Wall x1 |
| 8:56 | Dr. Wiley!!! · wall_segment Palisade Wall x1 |
| 8:57 | Dr. Wiley!!! · wall_segment Palisade Wall x1 |
| 8:58 | Dr. Wiley!!! · wall_segment Palisade Wall x1 |
| 9:38 | Dr. Wiley!!! · wall_segment Palisade Wall x1 |
| 9:44 | Dr. Wiley!!! · wall_segment Palisade Wall x1 |
| 9:47 | Thomas Sankara · wall_segment Palisade Wall x1 |
| 9:51 | Dr. Wiley!!! · wall_segment Palisade Wall x1 |
| 9:56 | Dr. Wiley!!! · wall_segment Palisade Wall x1 |
| 9:59 | Dr. Wiley!!! · wall_segment Palisade Wall x1 |
| 10:31 | Thomas Sankara · age_up feudal |
| 10:43 | Dr. Wiley!!! · wall_segment Palisade Wall x18 |
| 10:47 | Dr. Wiley!!! · wall_segment Palisade Wall x5 |
| 11:08 | Dr. Wiley!!! · wall_segment Palisade Wall x1 |
| 11:24 | Thomas Sankara · wall_segment Palisade Wall x1 |
| 11:26 | Thomas Sankara · wall_segment Palisade Wall x1 |
| 11:28 | Thomas Sankara · wall_segment Palisade Wall x1 |
| 11:29 | Thomas Sankara · wall_segment Palisade Wall x1 |
| 11:30 | Thomas Sankara · wall_segment Palisade Wall x1 |
| 11:31 | Dr. Wiley!!! · wall_segment Palisade Wall x7 |
| 13:37 | Dr. Wiley!!! · wall_segment Palisade Wall x7 |
| 14:26 | Dr. Wiley!!! · wall_segment Palisade Wall x1 |
| 14:41 | Dr. Wiley!!! · wall_segment Palisade Wall x1 |
| 14:42 | Dr. Wiley!!! · wall_segment Palisade Wall x1 |
| 14:43 | Dr. Wiley!!! · wall_segment Palisade Wall x1 |
| 15:05 | Dr. Wiley!!! · wall_segment Palisade Wall x1 |
| 15:16 | Thomas Sankara · first_building Siege Workshop |
| 15:32 | Dr. Wiley!!! · wall_segment Palisade Wall x1 |
| 15:33 | Dr. Wiley!!! · wall_segment Palisade Wall x1 |
| 15:35 | Dr. Wiley!!! · wall_segment Palisade Wall x1 |
| 15:43 | Dr. Wiley!!! · age_up feudal |
| 16:03 | Dr. Wiley!!! · wall_segment Palisade Wall x1 |
| 16:38 | Dr. Wiley!!! · wall_segment Palisade Wall x1 |
| 16:44 | Dr. Wiley!!! · wall_segment Palisade Wall x1 |
| 16:45 | Dr. Wiley!!! · wall_segment Palisade Wall x1 |
| 16:51 | Dr. Wiley!!! · wall_segment Palisade Wall x1 |
| 17:05 | Dr. Wiley!!! · first_market_buy 100 food |
| 17:11 | Dr. Wiley!!! · first_market_sell 100 wood |
| 17:58 | Dr. Wiley!!! · first_building Stable |
| 19:55 | Dr. Wiley!!! · age_up castle |
| 20:18 | Dr. Wiley!!! · first_building Siege Workshop |
| 23:41 | Thomas Sankara · wall_segment Palisade Wall x1 |
| 23:43 | Thomas Sankara · wall_segment Palisade Wall x1 |
| 24:58 | Thomas Sankara · resign |
[ AI ANALYSIS · 1 CREDIT ]
What really happened in this match?
Wolo.gg analyzes every decision: build order, eco, micro, common mistakes by bracket. Personalized analysis on WhatsApp or Discord in 30 seconds.
Civ guide
Slavs
Perfil
Jugador #21733994